 Dungeon Crawl Stone Soup version 0.30-b1-2-g02819fbbbe (webtiles) character file.

Game seed: 12528693705667944892

23314 ketsa the Thaumaturge (level 12, -8/69 HPs)
             Began as a Deep Elf Air Elementalist on May 18, 2023.
             Was a Believer of Ashenzari.
             Shot with a bolt by an orc knight (22 damage)
             ... on level 1 of the Orcish Mines on May 21, 2023.
             The game lasted 02:17:02 (24602 turns).

ketsa the Thaumaturge (Deep Elf Air Elementalist)  Turns: 24602, Time: 02:17:03

Health: -8/69      AC: 10    Str:  5    XL:     12   Next: 70%
Magic:  0/30       EV: 22    Int: 26    God:    Ashenzari [**....]
Gold:   1052       SH:  0    Dex: 15    Spells: 12/36 levels left

rFire   . . .        L - +4 dagger (speed)
rCold   . . .        (no shield)
rNeg    . . .        a - +0 robe of the Ruined Seer {Self, Fort} (curse)
rPois   .            T - +2 helmet "Share My Irritation" {Bglg, Alch} (curse)
rElec   .            Y - +2 cloak
rCorr   .            W - +0 pair of gloves
SInv    +            G - +0 pair of boots of Curses and Power {Alch, Melee} (curse)
Will    ++...        e - amulet of guardian spirit
Stlth   +++          c - ring of willpower
HPRegen 0.31/turn    o - +5 ring of evasion
MPRegen 0.22/turn

%: guardian spirit
@: no status effects
A: no striking features
a: Renounce Religion, Shatter the Chains


You were on level 1 of the Orcish Mines.
You worshipped Ashenzari.
Ashenzari was pleased with you.
You visited 4 branches of the dungeon, and saw 16 of its levels.

You collected 1052 gold pieces.

Inventory:

Hand Weapons
 s - a +1 dagger of protection
 B - a +2 dagger of venom
 L - a +4 dagger of speed (weapon)
 P - a +1 antimagic dagger
 Z - a +2 quarterstaff of chaos
Missiles
 d - 6 atropa-tipped darts
 g - 3 boomerangs of dispersal (quivered)
 D - 10 curare-tipped darts
Armour
 a - the cursed +0 robe of the Ruined Seer (worn) {Self, Fort}

   It has a curse which improves the following skills: Introspection: Fighting
   and Spellcasting.
   Fortitude: Armour and Shields.
 G - the cursed +0 pair of boots of Curses and Power (worn) {Alch, Melee}
   (You found it on level 5 of the Dungeon)

   It has a curse which improves the following skills: Alchemy: Poison Magic and
   Transmutations.
   Melee Combat: Short Blades, Long Blades, Axes, Maces & Flails, Polearms,
   Staves and Unarmed Combat.
 I - a scarf of invisibility
 K - a +0 buckler
 R - +0 swamp dragon scales
 T - the cursed +2 helmet "Share My Irritation" (worn) {Bglg, Alch}
   (You found it on level 9 of the Dungeon)

   It has a curse which improves the following skills: Beguiling: Conjurations,
   Hexes and Translocations.
   Alchemy:   Poison Magic and Transmutations.
 W - a +0 pair of gloves (worn)
 Y - a +2 cloak (worn)
Jewellery
 c - a ring of willpower (left hand)
 e - an amulet of guardian spirit (around neck)
 o - a +5 ring of evasion (right hand)
 v - a ring of wizardry
 O - a ring of wizardry
Wands
 i - a wand of polymorph (11)
 k - a wand of light (7)
 t - a wand of flame (13)
 y - a wand of digging (13)
 U - a wand of paralysis (4)
Scrolls
 b - a scroll of enchant armour
 f - 2 scrolls of immolation
 h - a scroll of teleportation
 q - 2 scrolls of fog
 w - 6 scrolls of identify
 x - a scroll of magic mapping
 z - a scroll of torment
 C - 2 scrolls of amnesia
 E - 3 scrolls of fear
 H - 2 scrolls of silence
 J - 6 scrolls of enchant weapon
 Q - 2 scrolls of poison
 S - 2 scrolls of butterflies
Potions
 j - a potion of attraction
 l - 9 potions of curing
 m - 2 potions of haste
 n - 6 potions of might
 p - 2 potions of berserk rage
 r - 5 potions of heal wounds
 u - 3 potions of flight
 F - a potion of lignification
 N - 2 potions of brilliance
 V - a potion of invisibility
Miscellaneous
 M - a phantom mirror (inert)
 X - a phial of floods


   Skills:
 - Level 4.7(5.8) Fighting
 + Level 9.8 Dodging
 - Level 5.0 Stealth
 + Level 11.6(12.7) Spellcasting
 + Level 10.7(11.8) Conjurations
 - Level 6.0(7.1) Hexes
 - Level 4.2(5.8) Transmutations
 - Level 5.9 Air Magic
 + Level 7.6 Earth Magic
 - Level 5.8(7.5) Poison Magic
 + Level 7.9 Evocations


You had 12 spell levels left.
You knew the following spells:

 Your Spells              Type           Power      Damage    Failure   Level
a - Shock                 Conj/Air       100%       1d9       1%          1
b - Static Discharge      Conj/Air       100%       2-7/arc   1%          2
c - Magic Dart            Conj           100%       1d8       1%          1
d - Swiftness             Air            47%        N/A       1%          3
e - Mephitic Cloud        Conj/Pois/Air  57%        N/A       1%          3
f - Poisonous Vapours     Pois/Air       100%       N/A       1%          2
g - Fulminant Prism       Conj/Hex       30%        3d15      1%          4
h - Airstrike             Air            23%        2d(4-20)  3%          4
i - Passwall              Tmut/Erth      42%        N/A       1%          2
j - Searing Ray           Conj           100%       2d8       1%          2

Your spell library contained the following spells:

 Spells                   Type           Power      Damage    Failure   Level
 Sting                    Tmut/Pois      100%       1d8       1%          1
 Ensorcelled Hibernation  Hex/Ice        70%        N/A       1%          2
 Olgreb's Toxic Radiance  Pois           54%        N/A       1%          4
 Call Imp                 Summ           32%        N/A       5%          2
 Silence                  Hex/Air        25%        N/A       7%          5
 Gell's Gravitas          Tloc           17%        N/A       10%         3
 Teleport Other           Tloc           17%        N/A       10%         3
 Passage of Golubria      Tloc           17%        N/A       32%         4
 Dispersal                Tloc           8%         N/A       99%         6
 Lehudib's Crystal Spear  Conj/Erth      30%        10d8      99%         8
 Chain Lightning          Conj/Air       29%        3d38      100%        9
 Fire Storm               Conj/Fire      23%        8d6       100%        9
 Shatter                  Erth           27%        3d23*     100%        9


Dungeon Overview and Level Annotations

Branches:
Dungeon (13/15) Zot: 25059  Temple (1/1) D:5 Zot: 5887    Lair (1/5) D:8 Zot: 3816
    Orc (1/2) D:10 Zot: 4385
 Vaults: D:13-14

Altars:
Ashenzari
Cheibriados
Dithmenos
Elyvilon
Fedhas
Gozag
Hepliaklqana
Kikubaaqudgha
Makhleb
Nemelex Xobeh
Okawaru
Qazlal
Ru
Sif Muna
Trog
Uskayaw
Vehumet
Wu Jian
Xom
Yredelemnul
Zin
The Shining One

Annotations:
D:6 1 exclusion
D:11 NimIero's ghost, journeyman FoEE
Lair:1 Fannar


Message History

Items here: $ )) [[ ††.
The orc knight shoots a bolt.
The bolt completely misses you.
The orc knight shoots a bolt.
The bolt closely misses you.
Items here: ( )) [.
The orc knight shoots a bolt.
The bolt completely misses you.
Things that are here:
a +0 chain mail; 3 boomerangs; a +2 dire flail of holy wrath
Things that are here:
a +0 plate armour; a +2 battleaxe of flaming; a +0 arbalest
Casting: Poisonous Vapours (safe; 1% risk of failure)
Confirm with . or Enter, or press ? or * to list all spells.
Aiming: Poisonous Vapours (safe; 1% risk of failure)
Press: ? - help, Dir - move target, f/p - orc knight
Aim: an orc knight, wielding a +0 arbalest and wearing a +0 plate armour (moderately wounded, very poisoned) Poisonous vapours surround the orc knight!
The orc knight looks as sick as possible!
The orc knight shoots a bolt.
The bolt barely misses you.
Casting: Poisonous Vapours (safe; 1% risk of failure)
Confirm with . or Enter, or press ? or * to list all spells.
Aiming: Airstrike (dangerous; 3% risk of failure)
Press: ? - help, Dir - move target, f/p - orc knight
Aim: an orc knight, wielding a +0 arbalest and wearing a +0 plate armour (moderately wounded, extremely poisoned, empty space bonus: 6/8)
The air twists around and strikes the orc knight but does no damage.
The orc knight shoots a bolt.
The bolt hits you!!
Casting: Airstrike (dangerous; 3% risk of failure)
Confirm with . or Enter, or press ? or * to list all spells.
Aiming: Airstrike (dangerous; 3% risk of failure)
Press: ? - help, Dir - move target, f/p - orc knight
Aim: an orc knight, wielding a +0 arbalest and wearing a +0 plate armour (heavily wounded, extremely poisoned, empty space bonus: 6/8)
The air twists around and strikes the orc knight!
The orc knight is severely wounded.
The orc knight shoots a bolt.
The bolt hits you!
* * * LOW HITPOINT WARNING * * *
The orc knight shoots a bolt.
The bolt hits you but does no damage.
The orc knight shoots a bolt.
The bolt misses you.
The orc knight shoots a bolt.
The bolt hits you.
* * * LOW HITPOINT WARNING * * *
You see here a +0 dagger.
The orc knight shoots a bolt.
The bolt hits you!!
You die...

.....#...[....##....##
)o########o......#...## ).#,,,,
,#.[...###....## ).# _
#..)..###.....# .o#, ,,
#.....##......# #... ,,,
#[[)).####.#.###### ..#..
#.....## #######..## #.#....
{#.....)########....#
#########....))@.><.......##
#...#...........[......##
####.#.......)........#...###
##.##.........[...........##.##
#...............#.[.......#...#
##.##.........).)#......[#....#
####...#..#.................##
#....##................###
##..##........)...^^..##


You could see an orc knight (very poisoned).

Vanquished Creatures
  Harold (Lair:1)
  A two-headed ogre (D:8)
  An orc high priest (Orc:1)
  6 orc knights
  An orc sorcerer (D:10)
  A centaur zombie (D:10)
  4 komodo dragons
  Maggie (Lair:1)
  3 cane toads (Lair:1)
  3 kobold demonologists (D:12)
  5 trolls
  Grinder (D:5)
  A hornet (D:10)
  A shadow (D:12)
  5 wyverns (D:8)
  30 yaks
  2 wraiths (D:11)
  A basilisk (Lair:1)
  A steam dragon (D:8)
  4 vampire mosquitoes (D:8)
  3 wargs (D:10)
  7 water moccasins
  15 orc warriors
  A sky beast (D:6)
  2 ice beasts
  An ogre (D:10)
  4 centaurs
  4 wolves (Lair:1)
  2 phantoms
  8 kobold brigands
  6 bullfrogs
  A gnoll sergeant (D:9)
  A scorpion (D:5)
  A water moccasin skeleton (D:5)
  4 wights (D:8)
  16 killer bees
  5 electric eels (Lair:1)
  A troll skeleton (D:11)
  5 spriggan skeletons (D:11)
  A howler monkey (D:12)
  3 lava snakes (Lair:1)
  11 orc priests
  A centaur skeleton (D:5)
  5 jellies
  2 hounds (D:5)
  Crazy Yiuf (D:5)
  A scorpion zombie (D:5)
  14 orc wizards
  Ijyb (D:5)
  3 iguanas
  A hell rat (Lair:1)
  A statue (D:6)
  A hound zombie (D:5)
  2 howler monkey zombies
  8 gnolls
  8 adders
  A river rat (Lair:1)
  An ufetubus (D:4)
  An adder zombie (D:5)
  A worm (D:2)
  2 dart slugs (D:4)
  54 orcs
  3 ball pythons (D:1)
  6 bats
  7 endoplasms
  4 giant cockroaches
  5 goblins
  6 hobgoblins
  8 jackals
  2 quokkas (D:4)
  4 frilled lizards
  39 kobolds
  10 rats
378 creatures vanquished.

Vanquished Creatures (collateral kills)
  An orc priest (Orc:1)
  An orc wizard (Orc:1)
  An orc (Orc:1)
3 creatures vanquished.

Vanquished Creatures (others)
  A slime creature (D:12)
  51 fulminant prisms
  11 fungi
  22 plants
  A withered plant (D:5)
86 creatures vanquished.

Grand Total: 467 creatures vanquished

Notes
Turn   | Place    | Note
-------+----------+-------------------------------------------
     0 | D:1      | ketsa the Deep Elf Air Elementalist began the quest for the
                  | Orb.
     0 | D:1      | Reached XP level 1. HP: 10/10 MP: 6/6
   350 | D:1      | Reached XP level 2. HP: 15/15 MP: 1/8
  1017 | D:2      | Reached XP level 3. HP: 19/19 MP: 1/10
  2027 | D:3      | Found a shadowy altar of Dithmenos.
  2279 | D:3      | Reached skill level 4 in Spellcasting
  2279 | D:3      | Reached XP level 4. HP: 14/24 MP: 3/12
  2466 | D:3      | Noticed a phantom
  2776 | D:3      | Killed a phantom
  2777 | D:3      | Reached XP level 5. HP: 4/28 MP: 0/13
  2879 | D:3      | Learned a level 2 spell: Static Discharge
  3414 | D:3      | Found an opulent altar of Gozag.
  4003 | D:4      | Reached XP level 6. HP: 32/32 MP: 11/15
  4327 | D:4      | Reached skill level 5 in Spellcasting
  4333 | D:4      | Reached skill level 5 in Conjurations
  4460 | D:5      | Entered Level 5 of the Dungeon
  4483 | D:5      | Noticed Grinder
  4576 | D:5      | Found a staircase to the Ecumenical Temple.
  4583 | Temple   | Entered the Ecumenical Temple
  4682 | Temple   | Became a worshipper of Ashenzari the Shackled
  4964 | D:6      | Noticed a sky beast
  4968 | D:6      | Learned a level 1 spell: Magic Dart
  4972 | D:6      | Learned a level 3 spell: Swiftness
  5295 | D:6      | Reached XP level 7. HP: 36/36 MP: 12/17
  5461 | D:6      | Reached skill level 6 in Spellcasting
  5461 | D:6      | Reached skill level 5 in Air Magic
  6127 | D:6      | Found an ancient bone altar of Kikubaaqudgha.
  6277 | D:6      | Found a radiant altar of Vehumet.
  6393 | D:6      | Found a glowing silver altar of Zin.
  6638 | D:7      | Learned a level 3 spell: Mephitic Cloud
  6702 | D:7      | Reached skill level 7 in Spellcasting
  6702 | D:7      | Reached skill level 1 in Poison Magic
  6797 | D:7      | Reached XP level 8. HP: 36/41 MP: 11/20
  7644 | D:7      | Reached skill level 8 in Spellcasting
  7729 | D:7      | Found a snail-covered altar of Cheibriados.
  7856 | D:7      | Reached * piety under Ashenzari
  8148 | D:8      | Noticed a two-headed ogre
  8152 | D:8      | Learned a level 2 spell: Poisonous Vapours
  8159 | D:8      | Killed a two-headed ogre
  8160 | D:8      | Reached skill level 9 in Spellcasting
  8160 | D:8      | Reached XP level 9. HP: 45/45 MP: 16/24
  8320 | D:8      | Found a stormy altar of Qazlal.
  8535 | D:8      | Reached skill level 5 in Poison Magic
  8641 | D:8      | HP: 2/45 [/static electricity (5)]
  8919 | D:8      | Found a staircase to the Lair.
  9517 | D:8      | Reached XP level 10. HP: 50/50 MP: 15/26
  9959 | D:8      | Found a burning altar of Makhleb.
  9959 | D:8      | Noticed an Executioner
 10360 | D:8      | Reached ** piety under Ashenzari
 10556 | Lair:1   | Entered Level 1 of the Lair of Beasts
 10565 | Lair:1   | Reached skill level 1 in Hexes
 10565 | Lair:1   | Reached skill level 1 in Evocations
 10711 | Lair:1   | Reached skill level 5 in Stealth
 10946 | Lair:1   | Noticed Maggie
 11006 | D:8      | Learned a level 4 spell: Fulminant Prism
 11011 | D:8      | Learned a level 4 spell: Airstrike
 11039 | D:9      | Learned a level 2 spell: Passwall
 11042 | D:9      | Learned a level 2 spell: Searing Ray
 11050 | D:9      | Reached skill level 5 in Dodging
 11410 | D:9      | Reached skill level 1 in Fighting
 13227 | D:10     | Entered Level 10 of the Dungeon
 13231 | D:10     | Found a hide-covered altar of Uskayaw.
 13231 | D:10     | Found a white marble altar of Elyvilon.
 13435 | D:10     | Found a staircase to the Orcish Mines.
 13466 | D:10     | Reached XP level 11. HP: 60/60 MP: 21/27
 13760 | D:10     | Reached skill level 5 in Hexes
 13905 | D:10     | Found a basalt altar of Yredelemnul.
 15145 | D:5      | Killed Grinder
 15146 | D:5      | Reached skill level 5 in Evocations
 15158 | D:5      | Noticed Ijyb
 15164 | D:5      | Killed Ijyb
 15686 | D:5      | Found a shimmering altar of Xom.
 15790 | D:5      | Found a runed translucent door.
 15791 | D:5      | Noticed Crazy Yiuf
 15797 | D:5      | Killed Crazy Yiuf
 16686 | D:11     | Reached skill level 5 in Earth Magic
 16895 | D:11     | Found a runed translucent door.
 16895 | D:11     | Noticed NimIero's ghost (journeyman FoEE)
 17210 | D:12     | Found Nuzem's Armour Boutique.
 17899 | D:12     | Noticed a boulder beetle
 17958 | Lair:1   | Killed Maggie
 17959 | Lair:1   | Reached skill level 10 in Spellcasting
 18220 | Lair:1   | Noticed Fannar
 19432 | Lair:1   | Noticed Harold
 19704 | Lair:1   | Killed Harold
 19705 | Lair:1   | Reached XP level 12. HP: 15/67 MP: 1/28
 19705 | Lair:1   | HP: 2/66 [hell rat (9)]
 21085 | D:13     | Noticed a six-headed hydra
 21193 | Orc:1    | Entered Level 1 of the Orcish Mines
 21210 | D:10     | Reached skill level 10 in Conjurations
 22527 | D:10     | Reached skill level 11 in Spellcasting
 23384 | Orc:1    | Noticed an orc high priest
 24567 | Orc:1    | Killed an orc high priest
 24602 | Orc:1    | Shot with a bolt by an orc knight

Illustrated notes

Levels and vault maps discovered:
D:1:      eino_arrival_druids_welcome, layout_loops_cross, minmay_fountain_box,
          minmay_quantized
D:2:      layout_loops_cross
D:3:      layout_loops_corners, grunt_gozag_breadcrumbs,
          mainiacjoe_overflow_tiny_flanked
D:4:      layout_basic
D:5:      layout_gridville, marbit_many_paths, minmay_temple_entry_junction,
          serial_undead, serial_undead_c, serial_undead_f, serial_undead_c,
          serial_undead_a, columned_hall_lemuel, uniq_grinder, uniq_ijyb,
          uniq_crazy_yiuf_cottage
D:6:      layout_basic, vehumet_statue, nicolae_kikubaaqudgha_miasma_corner,
          zin_scriptorium, minivault_10
D:7:      layout_basic, cheibriados_altar_1
D:8:      layout_basic, nicolae_overflow_hidden_temple,
          makhleb_altar_promises_db, minmay_lair_entry_grove
D:9:      layout_cave_pools
D:10:     layout_cave_pools, gammafunk_temple_overflow_wave,
          lemuel_zombie_altar_yredelemnul, orc_0_dummy,
          kennysheep_generic_room_12
D:11:     layout_loops_ring, ebering_ghost_reflecting_pool,
          hangedman_tell_no_tales
D:12:     layout_gridville, serial_shops, shop, nrook_mini_vaults,
          nicolae_wwwww, kennysheep_generic_room_4
D:13:     layout_basic, gauntlet_entry_generic, uniq_azrael
Temple:   eino_wide_crystal_templ
Lair:1:   lemuel_ratsnest, layout_regular_city, nicolae_lair_liquid_snakes,
          uniq_harold, uniq_maggie, uniq_fannar
Orc:1:    layout_caves, special_room [special_room_orc],
          nicolae_orc_crystal_geode

Skill      XL: |  1  2  3  4  5  6  7  8  9 10 11 12 |
---------------+-------------------------------------+-----
Conjurations   | 2 3 4 5 6 8 9 10 | 10.7
Spellcasting   | 4 5 7 9 10 11 | 11.6
Air Magic      | 4 5 |  5.9
Poison Magic   | 1 4 5 |  5.8
Transmutations | 2 4 |  4.2
Earth Magic    | 2 4 6 7 |  7.6
Stealth        | 3 5 |  5.0
Dodging        | 6 8 9 |  9.8
Hexes          | 4 6 |  6.0
Evocations     | 4 6 7 |  7.9
Fighting       | 2 4 |  4.7

Action                     |  1- 3 |  4- 6 |  7- 9 | 10-12 || total
---------------------------+-------+-------+-------+-------++-------
  Melee: Dagger            |       |    12 |     9 |   301 ||   322
         Punch             |       |     1 |       |     5 ||     6
  Throw: Dart              |       |       |       |     7 ||     7
   Cast: Shock             |   100 |   113 |   174 |   322 ||   709
         Static Discharge  |       |     1 |    27 |    19 ||    47
         Magic Dart        |       |       |    14 |    24 ||    38
         Mephitic Cloud    |       |       |    16 |    26 ||    42
         Poisonous Vapours |       |       |     7 |   193 ||   200
         Fulminant Prism   |       |       |       |    52 ||    52
         Searing Ray       |       |       |       |     2 ||     2
         Swiftness         |       |       |       |     3 ||     3
         Airstrike         |       |       |       |    47 ||    47
         Passwall          |       |       |       |     2 ||     2
 Invoke: Curse Item        |       |       |     2 |     3 ||     5
         Shatter the Chain |       |       |       |     2 ||     2
  Evoke: Wand              |       |       |     1 |       ||     1
         Phantom mirror    |       |       |       |     1 ||     1
    Use: Scroll            |       |       |     5 |    12 ||    17
         Potion            |       |       |     1 |     5 ||     6
   Stab: Confused          |       |       |     1 |     4 ||     5
         Sleeping          |       |       |       |     2 ||     2
 Armour: Robe              |     9 |     7 |     9 |   112 ||   137
  Dodge: Dodged            |    13 |    21 |    46 |   639 ||   719
